 Dungeon Crawl Stone Soup version 0.29-a0-41-g89e12c0570 (webtiles) character file.

Game seed: 5362373025925792819

37 Destapler the Grave Robber (level 3, 24/30 HPs)
             Began as a Deep Dwarf Necromancer on Feb 2, 2022.
             Was a Believer of Lugonu.
             Got out of the dungeon alive.
             The game lasted 00:02:48 (738 turns).

Destapler the Grave Robber (Deep Dwarf Necromancer)  Turns: 738, Time: 00:02:49

Health: 24/30      AC:  2    Str: 11    XL:     3   Next: 21%
Magic:  4/4        EV: 12    Int: 17    God:    Lugonu [**....]
Gold:   46         SH:  0    Dex: 13    Spells: 4/5 levels left

rFire   . . .      SeeInvis .   d - +0 hand axe
rCold   . . .      Faith    .   (no shield)
rNeg    . . .      Spirit   .   a - +0 robe
rPois   .          Reflect  .   (no helmet)
rElec   .          Harm     .   (no cloak)
rCorr   .          Rampage  .   (no gloves)
Will    .....                   (no boots)
Stlth   ++........              (no amulet)
HPRegen 0.00/turn               (no ring)
MPRegen 0.09/turn               (no ring)

@: no status effects
A: damage resistance, heal wounds, sense surroundings 1, no regeneration
a: Heal Wounds, Renounce Religion, Depart the Abyss, Bend Space


You escaped.
You worshipped Lugonu.
Lugonu was pleased with you.
You visited 1 branch of the dungeon, and saw 1 of its levels.

You collected 46 gold pieces.

Inventory:

Hand Weapons
 d - a +0 hand axe (weapon)
Armour
 a - a +0 robe (worn)
Scrolls
 b - 3 scrolls of blinking {unknown}
 c - a scroll of summoning {unknown}
Potions
 e - a potion of curing {unknown}


   Skills:
 * Level 0.8 Fighting
 + Level 0.7 Axes
 + Level 0.8 Armour
 + Level 2.5 Dodging
 + Level 2.7 Stealth
 + Level 0.6 Shields
 + Level 1.9 Spellcasting
 + Level 4.5 Necromancy
 + Level 0.9 Invocations


You had 4 spell levels left.
You knew the following spells:

 Your Spells              Type           Power      Damage    Failure   Level
a - Pain                  Necr           64%        1d7       3%          1

Your spell library contained the following spells:

 Spells                   Type           Power      Damage    Failure   Level
 Animate Skeleton         Necr           32%        N/A       3%          1
 Vampiric Draining        Necr           16%        2d7       10%         3
 Scorch                   Fire           2%         2d5       30%         2
 Animate Dead             Necr           8%         N/A       30%         4
 Flame Wave               Conj/Fire      1%         2d4       89%         4
 Agony                    Necr           16%        N/A       65%         5
 Summon Cactus Giant      Summ           0%         N/A       100%        6


Dungeon Overview and Level Annotations

Branches:
Dungeon (1/15)

Altars:
Lugonu


Innate Abilities, Weirdness & Mutations

You are resistant to damage.
You can heal yourself by infusing magical energy.
You passively map a small area around you.
You do not regenerate.


Message History

No target in view!
A hobgoblin comes into view.
A hobgoblin is nearby!
A hobgoblin is nearby!
Things that are here:
a +0 short sword; 5 stones; a kobold corpse You can't see any susceptible monsters within range! (Use Z to cast anyway.) No target in view!
The hobgoblin shouts!
The hobgoblin writhes in agony.
The hobgoblin writhes in agony.
You kill the hobgoblin!
A giant cockroach is nearby!
Things that are here:
a +0 short sword; 5 stones; a kobold corpse The giant cockroach writhes in agony.
You kill the giant cockroach!
A bat is nearby!
A bat is nearby!
The bat writhes in agony!
You kill the bat!
You pick up a book of Scorching and begin reading...
You add the spells Scorch, Flame Wave and Summon Cactus Giant to your library.
A bat comes into view.
A bat is nearby!
You see here a golden potion.
The bat writhes in agony.
You kill the bat!
e - a golden potion
Found a faded altar of an unknown god.
There is a shaft here.
There is a faded altar of an unknown god here.
You cannot tell which god this altar belongs to.
Convert to them anyway?
Lugonu accepts your prayer! Lugonu welcomes you!
You can now depart the Abyss.
You can now bend space around yourself.
There is a shaft here.
There is a staircase leading out of the dungeon here.
Are you sure you want to leave the Dungeon?
This will make you lose the game!
You have escaped!

........ #..............#
.####### #####.###.######
#######* #.....# .......
###.#.#.### ####### ,
#.........# #
######.#.#.#.#.#####
#######........#.#.†.....#
.....#..##.#.###.###.#.#.#
...#.#...#......@......#)#
.##.....##.#.###.###.#.#.#
#.#..#..#......#.#.......###
.#.....#####.#.#.#.#.###.).#
#....### #.........####..###
#....# ###.#.#.###.......#
.....# #.....# #######.#
.....# #.###.# #.# .....##
#....## #.#


There were no monsters in sight!

Vanquished Creatures
  A dart slug (D:1)
  2 endoplasms (D:1)
  A giant cockroach (D:1)
  A goblin (D:1)
  8 hobgoblins (D:1)
  4 jackals (D:1)
  4 kobolds (D:1)
  A quokka (D:1)
  A ball python (D:1)
  5 bats (D:1)
  A frilled lizard (D:1)
29 creatures vanquished.

Notes
Turn   | Place    | Note
-------+----------+-------------------------------------------
     0 | D:1      | Destapler the Deep Dwarf Necromancer began the quest for
                  | the Orb.
     0 | D:1      | Reached XP level 1. HP: 15/15 MP: 3/3
   132 | D:1      | Reached XP level 2. HP: 16/24 MP: 0/4
   550 | D:1      | Reached XP level 3. HP: 24/30 MP: 0/4
   702 | D:1      | Found a faded altar of an unknown god.
   708 | D:1      | Prayed at the altar of an unknown god.
   708 | D:1      | Became a worshipper of Lugonu the Unformed
   708 | D:1      | Reached * piety under Lugonu
   708 | D:1      | Reached ** piety under Lugonu
   738 | D:$      | Got out of the dungeon alive.

Illustrated notes

Levels and vault maps discovered:
D:1:      roderic_chinese_lattice_arrival, layout_rooms,
          hellmonk_ecumenical_altar_leap_of_faith,
          minmay_misc_feat_secret_circle, nrook_loot_triangle,
          minmay_lizard_pond

Action                   || total
-------------------------++-------
Melee: Unarmed           ||    10
       Hand axe          ||    28
 Cast: Pain              ||    35
 Abil: Heal Wounds       ||     1
Armor: Robe              ||    12
Dodge: Dodged            ||    47

Table legend: (Time is in decaauts)
 A = Elapsed time spent in this place.
 B = Non-inter-level travel time spent in this place.
 C = Inter-level travel time spent in this place.
 D = Time resting spent in this place.
 E = Time spent auto-exploring this place.
 F = Levels seen in this place.
 G = Mean time per level.
                   A        B        C        D        E       F      G
               +--------+--------+--------+--------+--------+-----+--------+
         Total |    745 |    717 |     28 |      0 |    502 |   1 |  745.0 |
       Dungeon |    745 |    717 |     28 |      0 |    502 |   1 |  745.0 |
               +--------+--------+--------+--------+--------+-----+--------+

Top non-repeatable levels by time:
     D:1: 745 daAuts
